 Dungeon Crawl Stone Soup version 0.22-a0-322-g60b3cfd (webtiles) character file.

548 xccam the Ducker (level 7, -1/76 HPs)
             Began as a Gnoll Wanderer on Apr 4, 2018.
             Slain by a wyvern (4 damage)
             ... on level 5 of the Dungeon.
             The game lasted 00:05:35 (3139 turns).

xccam the Ducker (Gnoll Wanderer)                   Turns: 3139, Time: 00:05:36

Health: -1/76      AC: 23    Str: 14 (16) XL:     7   Next: 28%
Magic:  10/10      EV:  2    Int: 18 (19) God:
Gold:   254        SH:  0    Dex: 12 (14) Spells: 10/10 levels left

rFire    . . .     SeeInvis +   d - +0 falchion
rCold    . . .     Gourm    .   (no shield)
rNeg     + + +     Faith    .   (armour currently unavailable)
rPois    +         Spirit   .   (helmet currently unavailable)
rElec    .         Reflect  .   (cloak currently unavailable)
rCorr    .         Harm     .   (gloves currently unavailable)
MR       .....     NoTele   +   (boots currently unavailable)
Stlth    +++.......             e - amulet of magic regeneration
HPRegen  0.22/turn              x - +4 ring of intelligence
MPRegen  0.37/turn              A - ring of see invisible

@: tree-form
A: distributed training, strong nose
a: no special abilities


You were on level 5 of the Dungeon.
You were not hungry.
You were a tree.
You visited 1 branch of the dungeon, and saw 5 of its levels.

You collected 254 gold pieces.

Inventory:

Hand Weapons
 a - a +2 dagger
 d - a +0 falchion (weapon)
 y - a +2 mace of crushing
Armour
 b - a +1 scale mail of poison resistance (melded)
 q - a +0 pair of gloves (melded)
Jewellery
 e - an amulet of magic regeneration (around neck)
 x - a +4 ring of intelligence (left branch)
 A - a ring of see invisible (right branch)
Scrolls
 h - 4 scrolls of teleportation {unknown}
 j - a scroll of remove curse {unknown}
 l - 2 scrolls of enchant armour {unknown}
 o - 2 scrolls of fog {unknown}
 s - a scroll of random uselessness {unknown}
 u - a scroll of noise {unknown}
 v - a scroll of enchant weapon {unknown}
 z - 4 scrolls of amnesia {unknown}
Potions
 c - 4 potions of magic
 k - a potion of mutation
 p - a potion of resistance
 r - 2 potions of ambrosia
 t - a potion of cancellation {unknown}
 w - a potion of brilliance {unknown}
Comestibles
 f - 10 rations


   Skills:
 + Level 2.3 Fighting
 + Level 2.3 Short Blades
 + Level 5.2 Long Blades
 + Level 2.3 Axes
 + Level 2.3 Maces & Flails
 + Level 2.3 Polearms
 + Level 2.3 Staves
 + Level 2.3 Slings
 + Level 3.5 Bows
 + Level 2.3 Crossbows
 + Level 2.3 Throwing
 + Level 5.2 Armour
 + Level 5.2 Dodging
 + Level 4.8 Stealth
 + Level 3.5 Shields
 + Level 2.3 Unarmed Combat
 + Level 2.3 Spellcasting
 + Level 1.9 Conjurations
 + Level 1.9 Hexes
 + Level 1.9 Charms
 + Level 1.9 Summonings
 + Level 1.9 Necromancy
 + Level 1.9 Translocations
 + Level 1.9 Transmutations
 + Level 1.9 Fire Magic
 + Level 1.9 Ice Magic
 + Level 1.9 Air Magic
 + Level 1.9 Earth Magic
 + Level 1.9 Poison Magic
 + Level 2.6 Invocations
 + Level 2.3 Evocations


You had 10 spell levels left.
You didn't know any spells.

Dungeon Overview and Level Annotations

Branches:
Dungeon (5/15)
 Temple: D:4-7

Altars:
Ashenzari


Innate Abilities, Weirdness & Mutations

Your experience applies equally to all skills.
((You have very sharp teeth.))
Your uncanny sense of smell can sniff out nearby items.


Message History

The wyvern is severely wounded.
You hit the wyvern but do no damage.
The wyvern is severely wounded.
The wyvern bites you but does no damage.
You completely miss the wyvern.
The wyvern is severely wounded.
The wyvern bites you but does no damage. x2
You hit the wyvern.
The wyvern is almost dead.
The wyvern bites you.
* * * LOW HITPOINT WARNING * * *
You hit the wyvern but do no damage.
The wyvern is almost dead.
The wyvern bites you.
* * * LOW HITPOINT WARNING * * *
The wyvern bites you but does no damage.
You hit the wyvern but do no damage.
The wyvern is almost dead.
The wyvern bites you.
You die...

≈≈≈ ≈≈....#.. ....
P.....#..# ....
....###.........#. ....
......................
#................##.#
##................##.###
.......l.....# #........
.......♣...#.#+#.....†..
...........#............
...........#............
....Z.#'##........######
......#.................
........................
........................
.......[................
...........#............


You could see a wyvern and a jackal skeleton.

Vanquished Creatures
  An ice beast (D:5)
  An ogre (D:4)
  A scorpion (D:4)
  A crimson imp (D:5)
  A bullfrog skeleton (D:3)
  An orc wizard (D:3)
  2 worker ants (D:4)
  6 adders
  2 oozes
  5 worms
  A dart slug (D:2)
  9 leopard geckos
  7 orcs
  7 bats
  5 giant cockroaches
  9 goblins
  7 hobgoblins
  2 quokkas
  2 ball pythons
  3 frilled lizards
  A jackal skeleton (D:4)
  10 kobolds
  A leopard gecko skeleton (D:5)
  9 rats
94 creatures vanquished.

Notes
Turn   | Place    | Note
-------+----------+-------------------------------------------
     0 | D:1      | xccam the Gnoll Wanderer began the quest for the Orb.
     0 | D:1      | xccam set off with: a +2 dagger, a potion of heal wounds, a +0 ring mail, a +0 falchion, a ration
     0 | D:1      | Reached XP level 1. HP: 13/13 MP: 1/1
   144 | D:1      | Reached XP level 2. HP: 17/19 MP: 2/2
   433 | D:1      | Reached XP level 3. HP: 20/25 MP: 3/3
   810 | D:2      | Reached skill level 1 in Invocations
   872 | D:2      | Reached skill level 1 in Fighting
   872 | D:2      | Reached skill level 1 in Short Blades
   872 | D:2      | Reached skill level 1 in Axes
   872 | D:2      | Reached skill level 1 in Maces & Flails
   872 | D:2      | Reached skill level 1 in Polearms
   872 | D:2      | Reached skill level 1 in Staves
   872 | D:2      | Reached skill level 1 in Slings
   872 | D:2      | Reached skill level 1 in Crossbows
   872 | D:2      | Reached skill level 1 in Throwing
   872 | D:2      | Reached skill level 1 in Unarmed Combat
   872 | D:2      | Reached skill level 1 in Spellcasting
   872 | D:2      | Reached skill level 1 in Evocations
   883 | D:2      | Found a shattered altar of Ashenzari.
   951 | D:2      | Reached XP level 4. HP: 25/32 MP: 5/5
  1466 | D:3      | Reached skill level 1 in Conjurations
  1466 | D:3      | Reached skill level 1 in Hexes
  1466 | D:3      | Reached skill level 1 in Charms
  1466 | D:3      | Reached skill level 1 in Summonings
  1466 | D:3      | Reached skill level 1 in Necromancy
  1466 | D:3      | Reached skill level 1 in Translocations
  1466 | D:3      | Reached skill level 1 in Transmutations
  1466 | D:3      | Reached skill level 1 in Fire Magic
  1466 | D:3      | Reached skill level 1 in Ice Magic
  1466 | D:3      | Reached skill level 1 in Air Magic
  1466 | D:3      | Reached skill level 1 in Earth Magic
  1466 | D:3      | Reached skill level 1 in Poison Magic
  1625 | D:3      | Reached XP level 5. HP: 32/37 MP: 5/7
  2198 | D:4      | Reached XP level 6. HP: 44/44 MP: 8/8
  2484 | D:4      | Reached skill level 5 in Long Blades
  2484 | D:4      | Reached skill level 5 in Armour
  2484 | D:4      | Reached skill level 5 in Dodging
  3005 | D:5      | Entered Level 5 of the Dungeon
  3052 | D:5      | Noticed an ice beast
  3076 | D:5      | Killed an ice beast
  3076 | D:5      | Reached XP level 7. HP: 42/50 MP: 10/10
  3118 | D:5      | Noticed a wyvern
  3138 | D:5      | HP: 3/76 [wyvern (4)]
  3139 | D:5      | Slain by a wyvern

Vault maps used:
D:1:      lightli_arrival_farm
D:2:      ashenzari_conservatory_becter
D:3:      first_ration
D:4:      kennysheep_six_static_rooms
D:5:      lemuel_castle_with_subvaults, minmay_temple_entry_butterflies,
          uniq_eustachio

Skill      XL: |  1  2  3  4  5  6 |
---------------+-------------------+-----
Invocations    | 1 2 |  2.6
Fighting       | 1 2 |  2.3
Short Blades   | 1 2 |  2.3
Axes           | 1 2 |  2.3
Maces & Flails | 1 2 |  2.3
Polearms       | 1 2 |  2.3
Staves         | 1 2 |  2.3
Slings         | 1 2 |  2.3
Crossbows      | 1 2 |  2.3
Throwing       | 1 2 |  2.3
Unarmed Combat | 1 2 |  2.3
Spellcasting   | 1 2 |  2.3
Evocations     | 1 2 |  2.3
Conjurations   | 1 |  1.9
Hexes          | 1 |  1.9
Charms         | 1 |  1.9
Summonings     | 1 |  1.9
Necromancy     | 1 |  1.9
Translocations | 1 |  1.9
Transmutations | 1 |  1.9
Fire Magic     | 1 |  1.9
Ice Magic      | 1 |  1.9
Air Magic      | 1 |  1.9
Earth Magic    | 1 |  1.9
Poison Magic   | 1 |  1.9
Bows           | 3 |  3.5
Shields        | 3 |  3.5
Long Blades    | 5 |  5.2
Armour         | 5 |  5.2
Dodging        | 5 |  5.2
Stealth        | |  4.8

Action                   |  1- 3 |  4- 6 |  7- 9 || total
-------------------------+-------+-------+-------++-------
Melee: Falchion          |   128 |   245 |    20 ||   393
       Bite              |    14 |    29 |       ||    43
       Punch             |       |       |     1 ||     1
  Use: Potion            |       |     3 |     5 ||     8
       Scroll            |       |     4 |       ||     4
 Stab: Sleeping          |     2 |     7 |     1 ||    10
  Eat: Chunk             |       |     8 |       ||     8
Armor: Ring mail         |    41 |    51 |       ||    92
       Scale mail        |       |    36 |     6 ||    42
       Skin              |       |       |     6 ||     6
Dodge: Dodged            |    95 |   147 |     9 ||   251
       Rpst.: Falchion   |    26 |    45 |     6 ||    77

Table legend:
 A = Spawn XP
 B = Non-spawn XP
 C = Spawn XP percentage of total XP
 D = Spawn monster count
 E = Non-spawn monster count
 F = Spawn count percentage of total count
 G = Total turns spent on level
                    A         B        C        D         E        F      G
               +---------+---------+-------+---------+---------+-------+---------
         Total |       0 |     783 |   0.0 |       0 |      94 |   0.0 |  3139
               +---------+---------+-------+---------+---------+-------+---------
           D:1 |       0 |      43 |   0.0 |       0 |      23 |   0.0 |   743
           D:2 |       0 |      78 |   0.0 |       0 |      31 |   0.0 |   664
           D:3 |       0 |     138 |   0.0 |       0 |      18 |   0.0 |   533
           D:4 |       0 |     342 |   0.0 |       0 |      18 |   0.0 |  1065
           D:5 |       0 |     182 |   0.0 |       0 |       4 |   0.0 |   134
               +---------+---------+-------+---------+---------+-------+---------
